 Dungeon Crawl Stone Soup version 0.21-a0-582-g1b93aee (webtiles) character file.

80 vishdafish the Charmwright (level 4, 22/33 HPs)
             Began as a Demonspawn Skald on Dec 19, 2017.
             Quit the game on level 3 of the Dungeon.
             The game lasted 00:02:56 (1919 turns).

vishdafish the Charmwright (Demonspawn Skald)       Turns: 1919, Time: 00:02:57

Health: 22/33      AC:  3    Str: 12    XL:     4   Next: 18%
Magic:  0/7        EV: 12    Int: 15    God:
Gold:   103        SH:  0    Dex: 12    Spells: 6/7 levels left

rFire    + . .     SeeInvis +   a - +0 spear
rCold    . . .     Gourm    .   (no shield)
rNeg     . . .     Faith    .   b - +0 leather armour
rPois    .         Spirit   +   (helmet restricted)
rElec    .         Reflect  .   h - scarf {cloud immunity}
rCorr    .         Harm     .   (no gloves)
MR       .....                  (no boots)
Stlth    +.........             (no amulet)
HPRegen  0.11/turn              f - ring of protection from fire
MPRegen  0.10/turn              p - ring of see invisible

@: mildly poisoned (22 -> 18), infused (expiring)
A: horns 1, magic shield, rot immunity
a: no special abilities


You were on level 3 of the Dungeon.
You were hungry.

You visited 1 branch of the dungeon, and saw 3 of its levels.

You collected 103 gold pieces.

Inventory:

Hand Weapons
 a - a +0 spear (weapon)
Missiles
 i - 3 javelins (quivered)
Armour
 b - a +0 leather armour (worn)
 h - a scarf of cloud immunity (worn)
Jewellery
 f - a ring of protection from fire (left hand)
 p - a ring of see invisible (right hand)
Scrolls
 e - 2 scrolls of teleportation {unknown}
 g - 3 scrolls of identify {unknown}
 j - a scroll of fog {unknown}
 n - 2 scrolls of remove curse {unknown}
Potions
 k - a potion of curing {unknown}
 l - a potion of mutation {unknown}
Books
 c - a book of Battle

   Spells                             Type                      Level
   a - Infusion                       Charms                       1
   b - Shroud of Golubria             Charms/Translocation         2
   c - Song of Slaying                Charms                       2
   d - Spectral Weapon                Hexes/Charms                 3
   e - Regeneration                   Charms/Necromancy            3
 m - Vehumet's Guide on Attacks
   (You found it on level 2 of the Dungeon)

   Spells                             Type                      Level
   a - Magic Dart                     Conjuration                  1
Comestibles
 d - 8 rations
 o - a chunk of flesh


   Skills:
 - Level 2.0 Fighting
 + Level 2.7 Polearms
 + Level 1.8 Armour
 + Level 2.3 Dodging
 * Level 2.2 Spellcasting
 - Level 3.1 Charms


You had 6 spell levels left.
You knew the following spells:

 Your Spells              Type           Power        Failure   Level  Hunger
a - Infusion              Chrm           ##..         8%          1    #......


Dungeon Overview and Level Annotations

Branches:
Dungeon (3/15)

Altars:
Kikubaaqudgha
Sif Muna
Vehumet


Innate Abilities, Weirdness & Mutations

You have a pair of small horns on your head.
When hurt, damage is shared between your health and your magic reserves.
You are immune to rotting.


Message History

No target in view!
No target in view!
No target in view!
No target in view!
No target in view!
No target in view!
No target in view!
No target in view!
No target in view!
No target in view!
No target in view!
No target in view!
No target in view!
No target in view!
No target in view!
No target in view!
You feel sick.
Things that are here:
a dagger; a jackal corpse Are you sure you want to abandon this character and quit the game? (Confirm with "yes".)

..# ## #.# #.##.#
#.#.##### # ##..†...##
#.#. #.<..)...####
.....
#.##....#.>..####......
# ###.###........##.
..## ##@........... .##
#.#.#.#####... ..
#.##.#.# . . #.# #.#.#
## #.#.# #.#.# ....#
....# ###


There were no monsters in sight!

Vanquished Creatures
  3 adders
  A dart slug (D:1)
  3 leopard geckos
  A giant cockroach (D:1)
  5 goblins
  9 hobgoblins
  3 jackals (D:3)
  A quokka (D:2)
  7 bats
  4 frilled lizards (D:1)
  7 kobolds
  3 rats
47 creatures vanquished.

Notes
Turn   | Place    | Note
-------+----------+-------------------------------------------
     0 | D:1      | vishdafish the Demonspawn Skald began the quest for the Orb.
     0 | D:1      | Reached XP level 1. HP: 16/16 MP: 3/3
    45 | D:1      | Reached skill level 1 in Armour
   399 | D:1      | Gained mutation: You have a pair of small horns on your head. [demonic ancestry]
   399 | D:1      | Reached XP level 2. HP: 22/22 MP: 0/5
   803 | D:1      | Gained mutation: When hurt, damage is shared between your health and your magic reserves. [demonic ancestry]
   803 | D:1      | Reached XP level 3. HP: 27/27 MP: 6/6
   928 | D:2      | Reached skill level 3 in Charms
  1265 | D:2      | Found a deep blue altar of Sif Muna.
  1265 | D:2      | Found an ancient bone altar of Kikubaaqudgha.
  1266 | D:2      | Found a radiant altar of Vehumet.
  1274 | D:2      | Identified Vehumet's Guide on Attacks
  1906 | D:3      | Gained mutation: You are immune to rotting. [demonic ancestry]
  1906 | D:3      | Reached XP level 4. HP: 33/33 MP: 5/7
  1919 | D:3      | Quit the game

Vault maps used:
D:1:      dpeg_arrival_rhombus, serial_park_tiny_1
D:2:      grunt_temple_overflow_magic_moments, serial_bayou,
          serial_bayou_pond_e, serial_bayou_pond_a, serial_bayou_pond_c,
          serial_bayou_pond_d
D:3:      cheibriados_altar_1, first_ration

Skill      XL: |  1  2  3 |
---------------+----------+-----
Armour         | 1 |  1.8
Polearms       | 2 |  2.7
Dodging        | 2 |  2.3
Charms         | 3 |  3.1
Fighting       | |  2.0
Spellcasting   | |  2.2

Action                   |  1- 3 |  4- 6 || total
-------------------------+-------+-------++-------
Melee: Spear             |   169 |    11 ||   180
       Headbutt          |    15 |     1 ||    16
 Cast: Infusion          |     5 |       ||     5
  Eat: Chunk             |     3 |       ||     3
Armor: Leather armour    |    32 |     2 ||    34
Dodge: Dodged            |    84 |     4 ||    88

Table legend:
 A = Spawn XP
 B = Non-spawn XP
 C = Spawn XP percentage of total XP
 D = Spawn monster count
 E = Non-spawn monster count
 F = Spawn count percentage of total count
 G = Total turns spent on level
                    A         B        C        D         E        F      G
               +---------+---------+-------+---------+---------+-------+---------
         Total |       0 |     115 |   0.0 |       0 |      47 |   0.0 |  1919
               +---------+---------+-------+---------+---------+-------+---------
           D:1 |       0 |      41 |   0.0 |       0 |      23 |   0.0 |   921
           D:2 |       0 |      51 |   0.0 |       0 |      17 |   0.0 |   957
           D:3 |       0 |      23 |   0.0 |       0 |       7 |   0.0 |    41
               +---------+---------+-------+---------+---------+-------+---------
